 Dungeon Crawl Stone Soup version 0.28.0-43-g3370ac3207 (webtiles) character file.

Game seed: 14849137096585147506

150 croobank the Skirmisher (level 5, -4/47 HPs)
             Began as a Hill Orc Fighter on Mar 17, 2022.
             Slain by an orc
             ... wielding a +0 war axe of electrocution
              (19 damage)
             ... on level 3 of the Dungeon.
             The game lasted 00:05:39 (2173 turns).

croobank the Skirmisher (Hill Orc Fighter)          Turns: 2173, Time: 00:05:40

Health: -4/47      AC:  8    Str: 21    XL:     5   Next: 32%
Magic:  5/5        EV:  9    Int:  8    God:
Gold:   88         SH:  4    Dex: 10    Spells: 4/4 levels left

rFire   . . .      SeeInvis .   a - +0 war axe
rCold   . . .      Faith    .   c - +0 buckler
rNeg    . . .      Spirit   .   k - +0 scale mail
rPois   .          Reflect  .   o - +0 helmet
rElec   .          Harm     .   (no cloak)
rCorr   .          Rampage  .   (no gloves)
Will    .....                   (no boots)
Stlth   ..........              (no amulet)
HPRegen 0.15/turn               (no ring)
MPRegen 0.09/turn               (no ring)

@: no status effects
A: no striking features
a: no special abilities


You were on level 3 of the Dungeon.
You visited 1 branch of the dungeon, and saw 3 of its levels.

You collected 88 gold pieces.

Inventory:

Hand Weapons
 a - a +0 war axe (weapon)
 e - a +2 dagger of venom
 p - a +0 hunting sling
Missiles
 b - 30 stones
 f - 3 poisoned darts
 s - 2 atropa-tipped darts (quivered)
 t - 12 bolts
 u - a throwing net
Armour
 c - a +0 buckler (worn)
 k - a +0 scale mail (worn)
 n - a +0 chain mail
 o - a +0 helmet (worn)
 q - a +0 leather armour of poison resistance
Scrolls
 i - a scroll of summoning {unknown}
 j - a scroll of immolation {unknown}
 m - a scroll of blinking {unknown}
Potions
 d - 4 potions of might
 g - 2 potions of flight
 h - 3 potions of lignification
 l - 2 potions of invisibility
 r - a potion of curing {unknown}


   Skills:
 + Level 4.6 Fighting
 + Level 4.2 Axes
 + Level 4.2 Armour
 + Level 4.3 Shields


You had 4 spell levels left.
You didn't know any spells.
Your spell library was empty.

Dungeon Overview and Level Annotations

Branches:
Dungeon (3/15)

Altars:


Message History

a +0 hand axe; a +0 scale mail You see here a +0 helmet.
You start putting on your armour.
You continue putting on your +0 helmet. x4
You finish putting on your +0 helmet.
Found a stone staircase leading up.
There is a stone staircase leading up here.
Found a stone staircase leading down.
h - 3 potions of lignification (gained 1)
u - a scroll of identify
As you read the scroll of identify, it crumbles to dust.
g - a potion of flight
g - 2 potions of flight (gained 1)
u - a throwing net
Found a stone staircase leading down.
As you open the door, it creaks loudly!
An orc comes into view.
It is wielding a +0 war axe of electrocution.
The orc shouts!
A rat comes into view.
Found 16 arrows.
You barely miss the rat. The rat bites you but does no damage.
You slash the rat!
You kill the rat!
You closely miss the orc. The orc hits you but does no damage. x2
You closely miss the orc. The orc completely misses you.
You hit the orc.
The orc is lightly wounded.
The orc hits you with a +0 war axe of electrocution!
You closely miss the orc.
The orc is lightly wounded.
The orc closely misses you.
The orc hits you with a +0 war axe of electrocution.
You hit the orc but do no damage.
The orc is lightly wounded.
The orc hits you with a +0 war axe of electrocution.
You barely miss the orc. You block the orc's attack.
You closely miss the orc.
The orc hits you with a +0 war axe of electrocution.
You are electrocuted!!
The orc hits you but does no damage.
You are electrocuted!!
You die...

###.# #.# ####.# .....#
## ####.####### ###.
#.......####... #
#..####.##....##.# ##.#
#.##.##.o.(# #.#
#.##.##@## #.#
#.##.##..###
#####.####.##.###...##+#
..............#
###....####
#####.####.##.#
##......... #.#
#.##.###.......... #.#
#.........###.##># #.#
####.##...# .# # ..#
#...........


You could see an orc.

Vanquished Creatures
  A hound (D:3)
  Terence (D:2)
  5 adders
  A dart slug (D:2)
  7 orcs
  2 ball pythons (D:1)
  3 endoplasms
  A giant cockroach (D:1)
  8 goblins
  2 hobgoblins
  6 bats
  3 frilled lizards (D:2)
  4 kobolds
  3 rats
47 creatures vanquished.

Vanquished Creatures (others)
  5 fungi (D:2)
  12 plants (D:2)
17 creatures vanquished.

Grand Total: 64 creatures vanquished

Notes
Turn   | Place    | Note
-------+----------+-------------------------------------------
     0 | D:1      | croobank the Hill Orc Fighter began the quest for the Orb.
     0 | D:1      | Reached XP level 1. HP: 19/19 MP: 1/1
   224 | D:1      | Reached XP level 2. HP: 27/27 MP: 2/2
   898 | D:2      | Reached XP level 3. HP: 22/33 MP: 3/3
  1030 | D:2      | Noticed Terence
  1045 | D:2      | Killed Terence
  1207 | D:2      | Reached XP level 4. HP: 40/40 MP: 4/4
  1256 | D:2      | Found a faded altar of an unknown god.
  1782 | D:3      | Reached XP level 5. HP: 36/47 MP: 5/5
  2173 | D:3      | Slain by an orc

Illustrated notes

Levels and vault maps discovered:
D:1:      onia_arrival_pentagram, layout_loops_ring
D:2:      layout_basic, shapermc_ecumenical_altar_mp_ritualfount, uniq_terence
D:3:      layout_loops_ring, vehumet_altar_wand_db, minmay_divided_ellipse

Skill      XL: |  1  2  3  4 |
---------------+-------------+-----
Axes           | 3 4 |  4.2
Fighting       | 4 |  4.6
Shields        | 4 |  4.3
Armour         | 4 |  4.2

Action                   |  1- 3 |  4- 6 || total
-------------------------+-------+-------++-------
Melee: Dagger            |    66 |    43 ||   109
       War axe           |     3 |    20 ||    23
  Use: Scroll            |       |     3 ||     3
Armor: Scale mail        |    28 |    24 ||    52
Dodge: Dodged            |    32 |    24 ||    56
Block: Buckler           |    11 |    14 ||    25
